cohdb
Replays
Latest Replays
All Replays
Popular Replays
Top Player Replays
Match Explorer
How It Works
Community
CoH3 Stats
Reddit
Sign in to upload your games and track your stats! →
Sign in with Steam
Match 43575357
Unlisted
Match 43575357
Overview
Messages
Build Orders
End
Construct Weapon Support Center
Selects Heavy Weapons
Engineer Squad
M1919 Machine Gun Team
Engineer Squad
Bazooka Squad
M1919 Machine Gun Team
Mechanized Support Center
Bazooka Squad
Selects Assault Carriers
Construct Medical Station
Mortar Pit
M3 Assault Carrier
Selects M2HB .50cal Heavy Machine Gun
Construct Tank Depot
M4A1 Sherman Medium Tank
M4A1 76mm Conversion
Mortar Pit
M4A1(76) Sherman Medium Tank
Selects Rapid Reposition
Mortar Pit
M4A1(76) Sherman Medium Tank
Dahlian
Bish Bash Bosh
Wynter
ErdbeerMilch
0
0
Comments
sign in to comment!
No comments posted yet!